Gera, lawful female human Valkyrie ------------------- |.................| |.------------- |.---------------.| ----------|.....^%....T@. |.|...+........*..| |..........|.------------- |.|...------------- |..-------.|.-------------------- |.|...|------------ |..| |...).)*.........%...*.|--.----|...........| |..| -----------------------|.......|---..-----.| |..------------------------------..------ |..| |.| |.......................).....[)...| |..| |.| |..------------------------------..| |..----|.| |..|............................|`.| |.....||.| |..|..........................---..| ---...||.| |...............<%............|...-- |...||.| |..|.............%............|...| --- -----|.| |..----------------------------...---.-------------.| |....).(...........%.*..............................| ----------------------------------------------------- Gera the Fighter Experience level: 9 Strength: 14 Dexterity: 15 Constitution: 18 Intelligence: 8 Wisdom: 10 Charisma: 8 Health: 0(88) Energy: 25(25) AC: -2 Gold: 477 Moves: 3277 Your Inventory: Coins $ - 477 gold pieces Weapons a - an uncursed +1 long sword (weapon in hand) n - 10 uncursed [+0] daggers (in quiver) Armor c - an uncursed +3 small shield (being worn) h - an [uncursed] +0 splint mail (being worn) l - an uncursed +0 pair of iron shoes (being worn) G - a [cursed +0] dwarvish cloak Comestibles d - 2 uncursed food rations o - an uncursed sprig of wolfsbane L - an [uncursed stale] egg Scrolls f - an uncursed scroll labeled VELOX NEB [of earth] i - an uncursed scroll labeled ZLORFIK [of enchant weapon] t - an uncursed scroll labeled GARVEN DEH [of create monster] B - a [blessed] scroll labeled ABRA KA DABRA [of light] I - an [uncursed] scroll labeled EIRIS SAZUN IDISI [of fire] J - a [cursed] scroll labeled ZELGO MER [of identify] Potions m - 2 uncursed bubbly potions [of object detection] u - a cursed clear potion [of unholy water] K - a [cursed] brown potion [of sickness] Wands D - an [uncursed] wand of magic missile [0:3] E - a [cursed] tin wand [of teleportation (0:4)] Tools k - an uncursed [+0] pick-axe z - an [uncursed] leash A - an [uncursed] key [skeleton key] M - an [uncursed tin] whistle N - 2 [uncursed tallow] candles Gems w - an [uncursed] gray stone named touchstoune? [luckstone] x - an [uncursed] violet gem [worthless glass] Spells known in the end: Name Level Category Fail Memory Your skills at the end: Fighting Skills Weapon Skills dagger [Basic / Expert] long sword [Skilled / Expert] Spellcasting Skills Final Attributes: You were piously aligned. Hunger level was 665. Your alignment was 26 / 26. Monster difficulty range was 1 - 9. Level difficulty was 10. You resisted fire. You were immune to cold. You were stealthy. You were fast. You were lucky (3). You had extra luck. Bad luck did not time out for you. Good luck did not time out for you. You are dead. Vanquished creatures: a ghost a fire giant 3 small mimics a troll an ettin zombie 2 giant beetles a wolf 3 giant spiders a gnome king an orc mummy 2 gold golems a pony a yellow light 8 gnome lords 4 gnomish wizards a guardian naga hatchling a little dog a floating eye 2 dwarves a centipede 5 monkeys a wererat a hobbit 4 giant rats a brown mold a yellow mold 52 gnomes a gnome zombie 11 jackals a goblin a sewer rat 3 grid bugs 4 lichens a kobold zombie 6 newts 130 creatures vanquished. Voluntary challenges: You used a wielded weapon 199 times. You read items or engraved 22 times. You put on armor 4 times. You never genocided any monsters. You never polymorphed an object. You never changed form. You used no wishes. You wrote Elbereth's name 14 times. You encountered 2 bones levels. You never used any Sokoban shortcuts. Dungeon overview: The Dungeons of Doom: levels 1 to 3 Level 1 an altar, a fountain a long staircase Level 2 a fountain stairs to The Gnomish Mines The Gnomish Mines: levels 3 to 10 Level 3 stairs to The Dungeons of Doom Level 6 some shops, a temple, a magic chest, some fountains, a sink Level 10 <- You were here History has recorded: On T:1 you entered the Dungeons of Doom to retrieve the Amulet of Yendor! On T:125 you reached level 2 of The Dungeons of Doom. On T:448 you reached level 1 of The Gnomish Mines. On T:575 you reached level 3 of The Dungeons of Doom. On T:653 you advanced to experience level 2. On T:803 you advanced to experience level 3. On T:820 you advanced to experience level 4. On T:1050 you reached level 2 of The Gnomish Mines. On T:1063 you advanced to experience level 5. On T:1089 you reached level 3 of The Gnomish Mines. On T:1260 you reached level 4 of The Gnomish Mines. On T:1340 you advanced to experience level 6. On T:1446 you advanced to experience level 7. On T:1976 you reached level 5 of The Gnomish Mines. On T:2214 you reached level 6 of The Gnomish Mines. On T:2214 you advanced to experience level 8. On T:2571 you reached level 7 of The Gnomish Mines. On T:2832 you reached level 8 of The Gnomish Mines. On T:3148 you advanced to experience level 9. Latest messages: You kill the troll! The gnome misses. The troll rises from the dead! [HP+1=37] [2 turns] You hit the troll! The troll misses. The troll hits! The troll bites! [HP-16=21] You kill the gnome! The troll hits! (2x) The troll misses. [HP-10=11] [HP+1=12] You hit the troll. The troll misses. The troll hits! The troll bites! [HP-11=1] You hit the troll. The troll hits! You die... Final status: Farvel Gera the Valkyrie... You died in The Gnomish Mines on dungeon level 10 with 7936 points, and 477 pieces of gold, after 3277 moves. You were level 9 with a maximum of 88 hit points when you died.